 Dungeon Crawl Stone Soup version 0.27-a0-333-gfa571bf19a (webtiles) character file.

Game seed: 11754838971604826010

312 ReteAZ the Covered (level 6, 0/48 HPs)
             Began as a Human Fighter on Feb 12, 2021.
             Slain by a sky beast (6 damage)
             ... on level 4 of the Dungeon.
             The game lasted 00:04:36 (4732 turns).

ReteAZ the Covered (Human Fighter)                  Turns: 4732, Time: 00:04:37

Health: 0/48       AC:  9    Str: 18    XL:     6   Next: 71%
Magic:  6/6        EV:  5    Int:  9    God:
Gold:   217        SH: 14    Dex: 12    Spells: 5/5 levels left

rFire    . . .     SeeInvis .   a - +0 long sword
rCold    . . .     Faith    .   c - +0 kite shield
rNeg     . . .     Spirit   .   q - +0 chain mail
rPois    .         Reflect  +   (no helmet)
rElec    .         Harm     .   (no cloak)
rCorr    .         Rampage  .   (no gloves)
Will     .....                  (no boots)
Stlth    ..........             u - amulet of reflection
HPRegen  0.16/turn              (no ring)
MPRegen  0.10/turn              (no ring)

@: no status effects
A: no striking features
a: no special abilities


You were on level 4 of the Dungeon.
You visited 1 branch of the dungeon, and saw 5 of its levels.

You collected 217 gold pieces.

Inventory:

Hand Weapons
 a - a +0 long sword (weapon)
Armour
 b - a +0 scale mail
 c - a +0 kite shield (worn)
 q - a +0 chain mail (worn)
 r - a +0 scale mail of positive energy
Jewellery
 u - an amulet of reflection (around neck)
Wands
 o - a wand of iceblast (6)
Scrolls
 e - 6 scrolls of identify {unknown}
 f - 2 scrolls of fear {unknown}
 g - a scroll of amnesia {unknown}
 l - 3 scrolls of enchant weapon {unknown}
 n - 2 scrolls of blinking {unknown}
 p - a scroll of fog {unknown}
 s - a scroll of random uselessness {unknown}
 t - a scroll of teleportation {unknown}
Potions
 d - 5 potions of might
 h - 2 potions of flight {unknown}
 i - 3 potions of heal wounds {unknown}
 j - 3 potions of brilliance {unknown}
 k - a potion of haste {unknown}
 m - a potion of magic {unknown}


   Skills:
 + Level 4.2 Fighting
 - Level 2.9 Long Blades
 + Level 2.2 Staves
 + Level 4.3 Armour
 + Level 4.2 Shields


You had 5 spell levels left.
You didn't know any spells.
Your spell library was empty.

Dungeon Overview and Level Annotations

Branches:
Dungeon (5/15)
 Temple: D:4-7

Altars:
Dithmenos
Gozag
Hepliaklqana
Qazlal
The Shining One

Shops:
D:4 (


Message History

The sky beast hits you but does no damage.
You barely miss the sky beast.
The sky beast is almost dead.
You block the sky beast's attack.
You hit the sky beast but do no damage.
The sky beast is almost dead.
The sky beast flickers out of sight!
Deactivating autopickup; reactivate with Ctrl-A.
Something hits you but does no damage. Something completely misses you.
You closely miss something. Something hits you but does no damage.
You completely miss something.
A sky beast appears from thin air!
Reactivating autopickup.
You block the sky beast's attack.
You closely miss the sky beast.
The sky beast is almost dead.
The sky beast hits you but does no damage.
The sky beast hits you. The sky beast shocks you.
You barely miss the sky beast.
The sky beast is almost dead.
You block the sky beast's attack.
You closely miss the sky beast.
The sky beast is almost dead.
You block the sky beast's attack.
The sky beast hits you but does no damage.
You hit the sky beast but do no damage.
The sky beast is almost dead.
The sky beast flickers out of sight!
Deactivating autopickup; reactivate with Ctrl-A.
Something hits you. Something shocks you.
* * * LOW HITPOINT WARNING * * *
You closely miss something. Something hits you.
* * * LOW HITPOINT WARNING * * *
Something shocks you.
* * * LOW HITPOINT WARNING * * *
Something hits you but does no damage.
You closely miss something. Something hits you but does no damage.
You closely miss something. Something hits you.
* * * LOW HITPOINT WARNING * * *
Something shocks you.
You die...

#.####.#.##.##.#######....
#.####.#.##.##.# #.#..
#.##......(.##.# ####.#○.
#.##.#.#.#####.# #....###
#......#.#####.# #.##.##.
####.###.......# #.##.##.
#......#########.##.##.
###..###.##.....##.##....
#....# #@##.....##.......
#.##.###{##......####..#.
#.##...>.##..............
#.##....###.....######.##
#.##.#..# ####### #...
#.##.##.# #.## #(..÷...#
#.# ####.############# #.#
##.#.## #.......# ##.##


There were no monsters in sight!

Vanquished Creatures
  A scorpion (D:4)
  A hound (D:4)
  An orc priest (D:3)
  A centaur skeleton (D:4)
  A worker ant (D:4)
  A killer bee zombie (D:4)
  3 adders
  3 oozes (D:3)
  2 worms
  A dart slug (D:1)
  A leopard gecko (D:1)
  5 orcs (D:3)
  6 giant cockroaches
  4 goblins
  6 hobgoblins
  2 quokkas
  11 bats
  8 frilled lizards
  13 kobolds
  4 rats
75 creatures vanquished.

Vanquished Creatures (others)
  A worker ant (D:4)
  4 fungi (D:3)
  10 toadstools
15 creatures vanquished.

Grand Total: 90 creatures vanquished

Notes
Turn   | Place    | Note
-------+----------+-------------------------------------------
     0 | D:1      | ReteAZ the Human Fighter began the quest for the Orb.
     0 | D:1      | Reached XP level 1. HP: 18/18 MP: 1/1
   159 | D:1      | Reached XP level 2. HP: 24/24 MP: 2/2
   525 | D:1      | Reached XP level 3. HP: 28/29 MP: 3/3
   927 | D:2      | Found a glowing golden altar of the Shining One.
  1890 | D:3      | Reached XP level 4. HP: 35/35 MP: 4/4
  1962 | D:3      | Found an opulent altar of Gozag.
  2214 | D:3      | Reached XP level 5. HP: 2/41 MP: 5/5
  2681 | D:3      | Found a hazy altar of Hepliaklqana.
  2691 | D:3      | Found a shadowy altar of Dithmenos.
  2691 | D:3      | Noticed a shadow
  2776 | D:3      | Reached skill level 1 in Staves
  3590 | D:4      | Found a stormy altar of Qazlal.
  3860 | D:4      | Found Qeshraf's Antique Weapon Shoppe.
  3908 | D:4      | Reached XP level 6. HP: 25/48 MP: 6/6
  4696 | D:5      | Entered Level 5 of the Dungeon
  4696 | D:5      | Noticed a sky beast
  4732 | D:4      | Slain by a sky beast

Illustrated notes

Levels and vault maps discovered:
D:1:      ldierk_walled_garden_2, layout_basic
D:2:      layout_loops_cross, lemuel_round_altar, minmay_misc_feat_square,
          kennysheep_generic_room_10
D:3:      cheibrodos_fertilizer, layout_loops_ring,
          riverfiend_overflow_shadow_ancestor, nicolae_gozag_seed_capital
D:4:      layout_loops_cross, serial_shops, nicolae_shop_behind_doors,
          serial_glass, glass_columns_a, glass_columns_a,
          chequers_serial_rivers_large_b, grunt_qazlal_clouds
D:5:      layout_rooms, gammafunk_temple_overflow_pools, st_stairs_14,
          uniq_prince_ribbit1

Skill      XL: |  1  2  3  4  5  6 |
---------------+-------------------+-----
Staves         | 1 2 |  2.2
Armour         | 4 |  4.3
Fighting       | 4 |  4.2
Shields        | 4 |  4.2
Long Blades    | |  2.9

Action                   |  1- 3 |  4- 6 || total
-------------------------+-------+-------++-------
Melee: Long sword        |   101 |   231 ||   332
Armor: Scale mail        |    52 |       ||    52
       Chain mail        |       |   175 ||   175
Dodge: Dodged            |    41 |    52 ||    93
Block: Kite shield       |    61 |   187 ||   248
       Rpst.: Long sword |    19 |    25 ||    44

Table legend: (Time is in decaauts)
 A = Elapsed time spent in this place.
 B = Non-inter-level travel time spent in this place.
 C = Inter-level travel time spent in this place.
 D = Time resting spent in this place.
 E = Time spent auto-exploring this place.
 F = Levels seen in this place.
 G = Mean time per level.
                   A        B        C        D        E       F      G
               +--------+--------+--------+--------+--------+-----+--------+
         Total |   4924 |   4729 |    195 |    567 |   3225 |   5 |  984.8 |
       Dungeon |   4924 |   4729 |    195 |    567 |   3225 |   5 |  984.8 |
               +--------+--------+--------+--------+--------+-----+--------+

Top non-repeatable levels by time:
     D:3: 1466 daAuts
     D:4: 1326 daAuts
     D:2: 1161 daAuts
     D:1: 952 daAuts
     D:5: 18 daAuts
